 Dungeon Crawl Stone Soup version 0.29-a0-721-g7f417c9bbb (webtiles) character file.

Game seed: 10011790035305408267

212 zeratav the Shooter (level 5, -15/25 HPs)
             Began as a Spriggan Arcane Marksman on June 27, 2022.
             Demolished by an orc warrior
             ... wielding a +0 glaive
              (17 damage)
             ... on level 5 of the Dungeon.
             The game lasted 00:03:47 (3352 turns).

zeratav the Shooter (Spriggan Arcane Marksman)      Turns: 3352, Time: 00:03:48

Health: -15/25     AC:  2    Str:  6    XL:     5   Next: 58%
Magic:  8/8        EV: 17    Int: 15    God:
Gold:   152        SH:  0    Dex: 17    Spells: 5/6 levels left

rFire   . . .      SeeInvis +   a - +0 sling
rCold   . . .      Faith    .   (no shield)
rNeg    . . .      Spirit   .   c - +0 robe
rPois   .          Reflect  .   (helmet restricted)
rElec   .          Harm     .   e - scarf {repulsion}
rCorr   .          Rampage  .   (gloves unavailable)
Will    .....                   (boots unavailable)
Stlth   ++........              (no amulet)
HPRegen 0.08/turn               (no ring)
MPRegen 0.11/turn               (no ring)

@: repel missiles, very quick
A: very small, no large weapons, unfitting armour, see invisible, speed 3
a: no special abilities


You were on level 5 of the Dungeon.
You visited 1 branch of the dungeon, and saw 5 of its levels.

You collected 152 gold pieces.


Innate Abilities, Weirdness & Mutations

You are very small and have problems with some larger weapons.
You are too small for most types of armour.
You have supernaturally acute eyesight. (SInv)
You cover ground extremely quickly. (Speed+++)


   Skills:
 - Level 0.7 Fighting
 + Level 7.1 Ranged Weapons
 - Level 2.6 Dodging
 - Level 1.3 Spellcasting
 - Level 3.6 Hexes


You had 5 spell levels left.
You knew the following spells:

 Your Spells              Type           Power      Damage    Failure   Level
a - Slow                  Hex            44%        N/A       5%          1

Your spell library contained the following spells:

 Spells                   Type           Power      Damage    Failure   Level
 Ensorcelled Hibernation  Hex/Ice        12%        N/A       17%         2
 Passwall                 Tmut/Erth      0%         N/A       34%         2
 Inner Flame              Hex/Fire       6%         N/A       34%         3
 Portal Projectile        Hex/Tloc       12%        N/A       34%         3
 Cause Fear               Hex            5%         N/A       47%         4
 Swiftness                Air            1%         N/A       56%         3

Inventory:

Hand Weapons
 a - a +0 sling (weapon)
 o - a +2 whip of draining {mace}
   (You found it on level 3 of the Dungeon)
 p - a +2 dagger of pain {short}
   (You took it off a goblin on level 4 of the Dungeon)
Armour
 c - a +0 robe (worn)
 e - a scarf of repulsion (worn)
   (You found it on level 1 of the Dungeon)
Scrolls
 b - a scroll of vulnerability {!r!r}
 f - a scroll of fog {unknown}
 h - 2 scrolls of teleportation {unknown}
 j - a scroll of amnesia {unknown}
 l - a scroll of enchant armour {unknown}
 n - a scroll of fear {unknown}
Potions
 d - 2 potions of degeneration {unknown}
 g - a potion of magic {unknown}
 i - 2 potions of brilliance {unknown}
 k - a potion of heal wounds {unknown}
 m - a potion of flight {unknown}
 q - a potion of attraction {unknown}
 r - a potion of mutation {unknown}

Dungeon Overview and Level Annotations

Branches:
Dungeon (5/15) Zot: 26899
 Temple: D:4-7

Altars:
Makhleb

Annotations:
D:3 Eustachio

##.#
#.##
#.#
##.#
#).#
#.##
##o#
#)##
#@#
###


You could see an orc warrior.


Message History

Fire: a) +0 sling
Press: ? - help, Q - select action, (/) - cycle Shift-Dir - straight line, f/p - adder
Aim: an adder (slow, 42% to hit)
You shoot a sling bullet. The sling bullet misses the adder.
Fire: a) +0 sling
Press: ? - help, Q - select action, (/) - cycle Shift-Dir - straight line, f/p - adder
Aim: an adder (slow, 42% to hit)
You shoot a sling bullet.
The sling bullet closely misses the adder.
Fire: a) +0 sling
Press: ? - help, Q - select action, (/) - cycle Shift-Dir - straight line, f/p - adder
Aim: an adder (slow, 42% to hit)
You shoot a sling bullet. The sling bullet hits the adder!
The adder misses you. The orc warrior closely misses you.
Fire: a) +0 sling
Press: ? - help, Q - select action, (/) - cycle Shift-Dir - straight line, f/p - adder
Aim: an adder (severely wounded, slow, 42% to hit)
You shoot a sling bullet. The sling bullet hits the adder.
You kill the adder!
The orc warrior hits you from afar with a +0 glaive!
HP[-7]
You take 7 damage, and now have 14/21 hp.
MASSIVE DAMAGE!! (PAUSE) Fire: a) +0 sling
Press: ? - help, Q - select action, (/) - cycle Shift-Dir - straight line, f - orc
Aim: an orc, wielding a +0 mace (60% to hit)
You shoot a sling bullet. The sling bullet hits the orc.
The orc hits you with a +0 mace.
* * * LOW HITPOINT WARNING * * *
The orc warrior barely misses you.
HP[-4]
You take 4 damage, and now have 10/21 hp.
MP[+1]
Your mp is fully restored (7).
HP[+1]
An ogre comes into view. It is wielding a +0 giant club.
HP[+1]
You see here 7 stones {throwing}.
No target in view!
An ogre is nearby!
HP[+1]
You shoot a sling bullet. The sling bullet hits the ogre.
You shoot a sling bullet. The sling bullet hits the ogre.
You shoot a sling bullet. The sling bullet hits the ogre!
You shoot a sling bullet.
The sling bullet hits the ogre but does no damage.
You shoot a sling bullet.
The sling bullet barely misses the ogre.
You shoot a sling bullet. The sling bullet hits the ogre.
You shoot a sling bullet. The sling bullet hits the ogre.
The ogre completely misses you.
You shoot a sling bullet.
The sling bullet hits the ogre but does no damage.
The ogre completely misses you.
You shoot a sling bullet. The sling bullet hits the ogre.
The ogre misses you.
HP[+1]
You shoot a sling bullet. The sling bullet hits the ogre.
You kill the ogre!
Your Ranged Weapons skill increases to level 7!
You have reached level 5!
You feel clever.
HP[+2] MP[+1]
You now have 25 max hp (+4).
You regained 2 hp, and now have 16/25 hp.
Your mp is fully restored (8).
You shoot a sling bullet. The sling bullet barely misses the orc.
You shoot a sling bullet.
The sling bullet closely misses the orc.
You shoot a sling bullet. The sling bullet hits the orc.
HP[+1]
You shoot a sling bullet. The sling bullet hits the orc!
You kill the orc!
You shoot a sling bullet.
The sling bullet hits the orc warrior but does no damage.
You shoot a sling bullet.
The sling bullet closely misses the orc warrior.
You shoot a sling bullet.
The sling bullet closely misses the orc warrior.
You shoot a sling bullet.
The sling bullet barely misses the orc warrior.
The orc warrior hits you from afar with a +0 glaive!
Ouch! That really hurt!
* * * LOW HITPOINT WARNING * * *
HP[-15]
You take 15 damage, and now have 2/25 hp.
MASSIVE DAMAGE!! (PAUSE)
You are too injured to fight recklessly!
You are too injured to fight recklessly!
You are too injured to fight recklessly!
You are too injured to fight recklessly!
An orc warrior is nearby!
You are too injured to fight recklessly!
You are too injured to fight recklessly!
Fire: a) +0 sling
Press: ? - help, Q - select action, (/) - cycle Shift-Dir - straight line, f/p - orc warrior
Aim: an orc warrior, wielding a +0 glaive and wearing a +0 plate armour (60% to hit)
You shoot a sling bullet. The sling bullet hits the orc warrior.
The orc warrior hits you from afar with a +0 glaive!
Ouch! That really hurt!
You die...

Skill      XL: |  1  2  3  4 |
---------------+-------------+-----
Ranged Weapons | 3 4 5 7 |  7.1
Fighting       | |  0.7
Dodging        | |  2.6
Spellcasting   | |  1.3
Hexes          | |  3.6

Action                   |  1- 3 |  4- 6 || total
-------------------------+-------+-------++-------
 Fire: Sling             |   107 |   105 ||   212
 Cast: Slow              |       |     2 ||     2
Armor: Robe              |     5 |     5 ||    10
Dodge: Dodged            |    28 |    26 ||    54

Levels and vault maps discovered:
D:1:      lightli_molten_gateway, layout_basic, minmay_quantized
D:2:      layout_loops_cross, shapermc_ecumenical_altar_ellora, uniq_jessica
D:3:      layout_basic, chequers_garden, kennysheep_generic_room_12
D:4:      layout_loops_ring, nicolae_dithmenos_shadow_blocks,
          mainiacjoe_overflow_chevrons, uniq_eustachio
D:5:      layout_cave_pods, kennysheep_okawaru_gauntlet, general_overflow_altar,
          nicolae_ru_awakened_eye

Notes
Turn   | Place    | Note
-------+----------+-------------------------------------------
     0 | D:1      | zeratav the Spriggan Arcane Marksman began the quest for
                  | the Orb.
     0 | D:1      | Reached XP level 1. HP: 9/9 MP: 3/3
     0 | D:1      | magus.rc [v1.9.6]
   381 | D:1      | Reached skill level 3 in Ranged Weapons
   597 | D:1      | Reached XP level 2. HP: 9/14 MP: 5/5
  1399 | D:2      | Reached skill level 4 in Ranged Weapons
  1488 | D:2      | Reached XP level 3. HP: 17/17 MP: 6/6
  1792 | D:2      | Found a faded altar of an unknown god.
  1898 | D:2      | Noticed Jessica
  1900 | D:2      | Killed Jessica
  1901 | D:2      | Reached skill level 5 in Ranged Weapons
  2089 | D:3      | Reached XP level 4. HP: 21/21 MP: 7/7
  2100 | D:3      | You pick up a book of Burglary and begin reading...
  2100 | D:3      | You add the spells Passwall, Ensorcelled Hibernation and
                  | Swiftness to your library.
  2728 | D:4      | Found a burning altar of Makhleb.
  2735 | D:4      | Reached skill level 6 in Ranged Weapons
  2826 | D:4      | Noticed Eustachio
  2852 | D:4      | HP: 2/21 [Eustachio/+0 rapier (10)]
  3214 | D:4      | You fall into a shaft and drop 1 floor!
  3214 | D:5      | Entered Level 5 of the Dungeon
  3222 | D:5      | Noticed an orc warrior
  3306 | D:5      | Noticed an ogre
  3343 | D:5      | Killed an ogre
  3344 | D:5      | Reached skill level 7 in Ranged Weapons
  3344 | D:5      | Reached XP level 5. HP: 16/25 MP: 8/8
  3351 | D:5      | HP: 2/25 [orc warrior/+0 glaive (15)]
  3352 | D:5      | Demolished by an orc warrior

Vanquished Creatures
  An ogre (D:5)
  Jessica (D:2)
  3 adders
  A worm (D:3)
  3 dart slugs
  5 orcs
  3 endoplasms
  A giant cockroach (D:3)
  7 goblins
  3 hobgoblins
  4 jackals
  2 quokkas
  8 ball pythons
  5 bats
  4 frilled lizards
  6 kobolds
  6 rats
63 creatures vanquished.

Table legend:
 A = Non-vault XP
 B = Vault XP
 C = Vault XP percentage of total XP
 D = Non-vault monster count
 E = Vault monster count
 F = Vault count percentage of total count
                 A         B        C        D         E       F
            +---------+---------+-------+---------+---------+-------
      Total |     256 |      47 |  15.5 |      57 |       6 |   9.5
            +---------+---------+-------+---------+---------+-------
        D:1 |      21 |       5 |  19.2 |      13 |       4 |  23.5
        D:2 |      29 |      37 |  56.1 |      17 |       1 |   5.6
        D:3 |      45 |       5 |  10.0 |      17 |       1 |   5.6
        D:4 |      21 |       0 |   0.0 |       6 |       0 |   0.0
        D:5 |     140 |       0 |   0.0 |       4 |       0 |   0.0
            +---------+---------+-------+---------+---------+-------

Illustrated notes

Table legend:
 A = Kills in this place as a percentage of kills in entire the game.
 B = Kills by you in this place as a percentage of kills by you in the entire game.
 C = Kills by friends in this place as a percentage of kills by friends in the entire game.
 D = Other kills in this place as a percentage of other kills in the entire game.
 E = Experience gained in this place as a percentage of experience gained in the entire game.
 F = Experience gained in this place divided by the number of levels of this place that you have seen.
                   A       B       C       D       E      F
               +-------+-------+-------+-------+-------+----------------------
         Total | 100.0 | 100.0 |   N/A |   N/A | 100.0 |  60.6
       Dungeon | 100.0 | 100.0 |   N/A |   N/A | 100.0 |  60.6
               +-------+-------+-------+-------+-------+----------------------

Table legend: (Time is in decaauts)
 A = Elapsed time spent in this place.
 B = Non-inter-level travel time spent in this place.
 C = Inter-level travel time spent in this place.
 D = Time resting spent in this place.
 E = Time spent auto-exploring this place.
 F = Levels seen in this place.
 G = Mean time per level.
                   A        B        C        D        E       F      G
               +--------+--------+--------+--------+--------+-----+--------+
         Total |   2456 |   2411 |     45 |    249 |   1747 |   5 |  491.2 |
       Dungeon |   2456 |   2411 |     45 |    249 |   1747 |   5 |  491.2 |
               +--------+--------+--------+--------+--------+-----+--------+

Top non-repeatable levels by time:
     D:1: 970 daAuts
     D:3: 724 daAuts
     D:2: 480 daAuts
     D:4: 182 daAuts
     D:5: 99 daAuts
